 Dungeon Sprint DCSS version 0.21-a0-110-g8e1637b (webtiles) character file.

270 Kidiri the Covert (level 6, -3/32 HPs)
             Began as a Spriggan Enchanter on July 9, 2017.
             Slain by a necrophage (7 damage)
             ... in the Dungeon (Sprint II: "The Violet Keep of Menkaure").
             The game lasted 00:02:24 (125 turns).

Kidiri the Covert (Spriggan Enchanter)               Turns: 125, Time: 00:02:25

Health: -3/32      AC:  2    Str:  4    XL:     6   Next: 1%
Magic:  11/16      EV: 24    Int: 17    God:
Gold:   0          SH:  0    Dex: 18    Spells: 17/18 levels left

rFire    . . .     SeeInvis +   a - +1 dagger
rCold    . . .     Gourm    .   (shield restricted)
rNeg     . . .     Faith    .   b - +0 robe
rPois    .         Spirit   .   (helmet restricted)
rElec    .         Reflect  .   (no cloak)
rCorr    .         Harm     .   (gloves unavailable)
MR       +....     NoTele   +   (boots unavailable)
Stlth    ++++......             (no amulet)
HPRegen  0.10/turn              (no ring)
MPRegen  0.15/turn              (no ring)

@: very quick
A: unfitting armour, see invisible, herbivore 3, speed 3, slow metabolism 2
a: no special abilities


You were in the Dungeon.
You were not hungry.

You visited 1 branch

Inventory:

Hand Weapons
 a - a +1 dagger (weapon)
Armour
 b - a +0 robe (worn)
Scrolls
 j - a scroll of blinking
Potions
 g - a potion of haste
 h - 2 potions of magic
Books
 c - a book of Maledictions

   Spells                             Type                      Level
   a - Corona                         Hexes                        1
   b - Ensorcelled Hibernation        Hexes/Ice                    2
   c - Confuse                        Hexes                        3
   d - Tukima's Dance                 Hexes                        3
   e - Dazzling Spray                 Conjuration/Hexes            3
Comestibles
 d - a bread ration


   Skills:
 + Level 2.8 Fighting
 * Level 5.8 Short Blades
 + Level 2.6 Armour
 * Level 8.1 Dodging
 * Level 9.2 Stealth
 * Level 6.9 Spellcasting
 + Level 5.7 Hexes


You had 17 spell levels left.
You knew the following spells:

 Your Spells              Type           Power        Failure   Level  Hunger
a - Corona                Hex            ####...      1%          1    None


Dungeon Overview and Level Annotations

Branches:
Dungeon (1/1)

Altars:

Annotations:
D Menkaure


Innate Abilities, Weirdness & Mutations

You are very small and have problems with some larger weapons.
You are too small for most types of armour.
You have supernaturally acute eyesight. (SInv)
You are a herbivore.
You cover ground extremely quickly.
You need consume almost no food.


Message History

The necrophage is almost destroyed.
You hit the necrophage.
The necrophage is almost destroyed.
The necrophage completely misses you.
You hit the necrophage.
The necrophage is almost destroyed.
The necrophage misses you.
You hit the necrophage.
The necrophage is almost destroyed.
The necrophage hits you.
* * * LOW HITPOINT WARNING * * *
You hit the necrophage but do no damage.
The necrophage is almost destroyed.
You hit the necrophage but do no damage.
The necrophage is almost destroyed.
The necrophage completely misses you.
You barely miss the necrophage.
The necrophage is almost destroyed.
The necrophage hits you!
You die...

## ## ##.
.## .w w.
$#. # #+#
.##
##.##...#
+.<@nM#
##.##...#
#+# .## #


You could see a necrophage and Menkaure.

Vanquished Creatures
  3 necrophages (D)
3 creatures vanquished.

Notes
Turn   | Place    | Note
-------+----------+-------------------------------------------
     0 | D        | Kidiri the Spriggan Enchanter began the quest for the Orb.
     0 | D        | Reached XP level 1. HP: 9/9 MP: 5/5
     1 | D        | Noticed a tyrant leech
     1 | D        | Noticed a tyrant leech
     4 | D        | Noticed a necrophage
     4 | D        | Noticed a necrophage
     4 | D        | Noticed a necrophage
     4 | D        | Noticed a necrophage
    13 | D        | Killed a necrophage
    13 | D        | Reached skill level 1 in Fighting
    13 | D        | Reached skill level 1 in Armour
    13 | D        | Reached skill level 7 in Stealth
    13 | D        | Reached skill level 5 in Spellcasting
    13 | D        | Reached XP level 2. HP: 15/15 MP: 6/9
    13 | D        | Reached XP level 3. HP: 18/18 MP: 6/10
    13 | D        | Reached XP level 4. HP: 23/23 MP: 7/12
    26 | D        | Killed a necrophage
    26 | D        | Reached skill level 5 in Short Blades
    26 | D        | Reached skill level 8 in Stealth
    26 | D        | Reached skill level 5 in Hexes
    26 | D        | Reached XP level 5. HP: 27/27 MP: 7/14
    66 | D        | Noticed Menkaure
    67 | D        | Killed a necrophage
    67 | D        | Reached skill level 9 in Stealth
    67 | D        | Reached XP level 6. HP: 25/32 MP: 10/16
   125 | D        | Slain by a necrophage

Vault maps used:
D:        the_violet_keep_of_menkaure

Skill      XL: |  1  2  3  4  5 |
---------------+----------------+-----
Fighting       | 1 2 |  2.8
Short Blades   | 4 5 |  5.8
Armour         | 1 2 |  2.6
Dodging        | 6 7 8 |  8.1
Stealth        | 7 8 9 |  9.2
Spellcasting   | 5 6 |  6.9
Hexes          | 4 5 |  5.7

Action                   |  1- 3 |  4- 6 || total
-------------------------+-------+-------++-------
Melee: Dagger            |     7 |    99 ||   106
 Cast: Corona            |       |     9 ||     9
  Use: Potion            |     1 |     2 ||     3
Armor: Robe              |     1 |     4 ||     5
Dodge: Dodged            |     2 |    72 ||    74
